[Event "Queens Festival Final-B 2022"]
[Site "Tornelo"]
[Date "2022.06.25"]
[Round "1.1"]
[White "Mammadova, Aysel"]
[Black "Masoumi, Sahar"]
[Result "1-0"]
[ECO "B22"]
[WhiteElo "1893"]
[BlackElo "2004"]
[Annotator "NA RC"]
[PlyCount "111"]
[EventDate "2022.06.24"]
[EventType "tourn"]
[EventCountry "NET"]
[SourceTitle "playchess.com"]
[Source "ChessBase"]
[SourceQuality "1"]
[TimeControl "180+2"]

1. e4 c5 2. c3 Nf6 3. e5 Nd5 4. d4 cxd4 5. Nf3 Nc6 6. cxd4 d6 7. Bc4 dxe5 8. Nxe5 e6 9. O-O Be7 10. Qg4 Bf6 11. Nxc6 bxc6 12. Nc3 O-O 13. Ne4 e5 14. Nxf6+ Qxf6 15. dxe5 Bxg4 16. exf6 Nxf6 17. Bg5 Ne4 18. Be3 Nd6 19. Bb3 Rfe8 20. Rac1 Nf5 21. Rxc6 Bh5 22. Rc7 a5 23. g4 a4 24. Bd5 Rad8 25. Bc6 Re6 26. gxf5 Red6 27. Bxa4 Bf3 28. Bb3 Bh5 29. Rfc1 h6 30. Bf4 Rd4 31. Bg3 Rd2 32. Rc8 Rxc8 33. Rxc8+ Kh7 34. Kg2 Rxb2 35. Rc7 Kg8 36. Be5 Re2 37. Bd4 Rd2 38. Be3 Re2 39. f6 gxf6 40. Bxh6 Kh7 41. Be3 Kg7 42. a4 Rb2 43. Bd5 Rb4 44. a5 Ra4 45. Rc5 Rg4+ 46. Kf1 Ra4 47. Bc6 Ra2 48. Bd5 Ra4 49. Kg2 Ra3 50. Rb5 Bg6 51. Bb6 Ra4 52. Rb3 Rg4+ 53. Rg3 Ra4 54. Bb7 Ra2 55. a6 Kf8 56. a7 1-0

[Event "Queens Festival Final-B 2022"]
[Site "Tornelo"]
[Date "2022.06.25"]
[Round "1.2"]
[White "Bian, Erin"]
[Black "Vujcic, Milena"]
[Result "1-0"]
[ECO "C80"]
[WhiteElo "1811"]
[BlackElo "1987"]
[Annotator "RC"]
[PlyCount "137"]
[EventDate "2022.06.24"]
[EventType "tourn"]
[EventCountry "NET"]
[SourceTitle "playchess.com"]
[Source "ChessBase"]
[SourceQuality "1"]
[TimeControl "180+2"]

1. e4 e5 2. Nf3 Nc6 3. Bb5 a6 4. Ba4 Nf6 5. O-O Nxe4 6. d4 exd4 7. Re1 d5 8. Nxd4 Bd6 9. Nxc6 Bxh2+ 10. Kh1 Qh4 11. Rxe4+ dxe4 12. Qd8+ Qxd8 13. Nxd8+ Kxd8 14. Kxh2 c5 15. Bb3 f5 16. Bd5 Ra7 17. c4 Ke7 18. Bg5+ Kd6 19. Bf4+ Ke7 20. Be5 Be6 21. Nc3 Rg8 22. Rd1 b6 23. Na4 Bxd5 24. Rxd5 Rb7 25. Rd6 g5 26. Nxb6 Rg6 27. Nd5+ Kf7 28. Bf6 f4 29. Rc6 e3 30. fxe3 fxe3 31. Kg3 g4 32. Rxa6 Rd7 33. Rc6 h5 34. Rxc5 h4+ 35. Kf4 Rxf6+ 36. Nxf6 e2 37. Re5 Rd4+ 38. Kg5 Rxc4 39. Rxe2 Rc5+ 40. Kxh4 Kxf6 41. Kxg4 Ra5 42. a3 Ra4+ 43. Kg3 Kg5 44. Re5+ Kf6 45. Rb5 Rc4 46. Kf3 Rc2 47. g4 Rc1 48. a4 Ra1 49. b3 Rf1+ 50. Kg3 Rg1+ 51. Kf2 Rxg4 52. Ke3 Ke6 53. Kd3 Kd6 54. Kc3 Kc6 55. Kb2 Rg1 56. Rh5 Rg2+ 57. Ka3 Rg4 58. Rh6+ Kb7 59. a5 Rg5 60. Ka4 Rg4+ 61. b4 Rg1 62. Rh7+ Kb8 63. a6 Ra1+ 64. Kb5 Rg1 65. Rh8+ Ka7 66. Rh7+ Kb8 67. Ka5 Ra1+ 68. Kb6 Rg1 69. Rh8+ 1-0

[Event "Queens Festival Final-B 2022"]
[Site "Tornelo"]
[Date "2022.06.25"]
[Round "1.3"]
[White "Pang, Ashley"]
[Black "Scarsi, Anna Laura"]
[Result "1-0"]
[ECO "A08"]
[WhiteElo "1967"]
[BlackElo "1867"]
[Annotator "RC"]
[PlyCount "109"]
[EventDate "2022.06.24"]
[EventType "tourn"]
[EventCountry "NET"]
[SourceTitle "playchess.com"]
[Source "ChessBase"]
[SourceQuality "1"]
[TimeControl "180+2"]

1. g3 d5 2. Bg2 c5 3. d3 Nc6 4. Nf3 e6 5. Nbd2 g6 6. O-O Bg7 7. e4 Nge7 8. c3 O-O 9. Nb3 b6 10. a4 Ba6 11. Re1 Qd7 12. a5 dxe4 13. dxe4 Qxd1 14. Rxd1 Bc4 15. Nfd2 Bxb3 16. Nxb3 c4 17. Nd4 Nxa5 18. e5 Rad8 19. Bg5 Rfe8 20. Nb5 Rxd1+ 21. Rxd1 Nec6 22. Nd6 Rb8 23. f4 h6 24. Bf6 Bxf6 25. exf6 Rd8 26. Bf3 Kf8 27. Ra1 Nb3 28. Ra3 Nba5 29. Ra2 Rxd6 30. Bxc6 Nxc6 31. Kf2 Rd2+ 32. Ke3 Rd3+ 33. Ke2 Rd6 34. Ra1 Na5 35. Ra4 Rc6 36. Ke3 Ke8 37. Ra1 Kd7 38. Rd1+ Kc7 39. Rd4 Rd6 40. Re4 Rd3+ 41. Ke2 Rd6 42. g4 Kc6 43. h4 Kc5 44. Re5+ Kc6 45. h5 gxh5 46. Rxh5 Nb3 47. Rxh6 Rd2+ 48. Ke1 Rxb2 49. Rh7 Rd2 50. Rxf7 Rd7 51. Rf8 Kd6 52. g5 Nc5 53. g6 Nd3+ 54. Kf1 Nxf4 55. g7 1-0

[Event "Queens Festival Final-B 2022"]
[Site "Tornelo"]
[Date "2022.06.25"]
[Round "1.4"]
[White "Francis, Onkemetse"]
[Black "Shohradowa, Lala"]
[Result "0-1"]
[ECO "C02"]
[WhiteElo "1777"]
[BlackElo "1856"]
[Annotator "NA RC"]
[PlyCount "92"]
[EventDate "2022.06.24"]
[EventType "tourn"]
[EventCountry "NET"]
[SourceTitle "playchess.com"]
[Source "ChessBase"]
[SourceQuality "1"]
[TimeControl "180+2"]

1. e4 e6 2. d4 d5 3. e5 c5 4. Nf3 cxd4 5. Qxd4 Nc6 6. Qd1 Nge7 7. Bd3 Ng6 8. Bxg6 hxg6 9. Bf4 Be7 10. c3 b6 11. h3 g5 12. Bg3 g4 13. Nd4 Nxd4 14. cxd4 gxh3 15. Rxh3 Rxh3 16. gxh3 Bb4+ 17. Kf1 Ba6+ 18. Kg2 Qd7 19. a3 Be7 20. Nd2 O-O-O 21. Rc1+ Kb8 22. b4 Rh8 23. Qg4 g5 24. Nf3 Be2 25. Re1 Qb5 26. a4 Qd3 27. b5 Bb4 28. Rxe2 Qxe2 29. Nxg5 Qxg4 30. hxg4 Rf8 31. Nh7 Rc8 32. g5 Be7 33. Bf4 Rc4 34. Be3 Rxa4 35. Nf6 Rb4 36. Ng8 Bf8 37. Nh6 Rxb5 38. Nxf7 Rb3 39. Nd8 Rc3 40. Nxe6 Rc8 41. g6 a5 42. g7 Bxg7 43. Nxg7 Rg8 44. Bh6 a4 45. Kf1 a3 46. e6 a2 0-1

[Event "Queens Festival Final-B 2022"]
[Site "Tornelo"]
[Date "2022.06.25"]
[Round "1.5"]
[White "Mariroh, Fariha"]
[Black "Deak-Sala, Emilia"]
[Result "1-0"]
[ECO "B38"]
[WhiteElo "1839"]
[BlackElo "1883"]
[Annotator "NA RC"]
[PlyCount "87"]
[EventDate "2022.06.24"]
[EventType "tourn"]
[EventCountry "NET"]
[SourceTitle "playchess.com"]
[Source "ChessBase"]
[SourceQuality "1"]
[TimeControl "180+2"]

1. e4 c5 2. Nf3 Nc6 3. d4 cxd4 4. Nxd4 g6 5. c4 Bg7 6. Be3 Nf6 7. Nc3 O-O 8. f3 d6 9. Be2 Bd7 10. O-O Nxd4 11. Bxd4 Bc6 12. Nd5 Nd7 13. Rc1 Bxd4+ 14. Qxd4 Bxd5 15. cxd5 Qa5 16. Rc3 Rac8 17. Rfc1 Rxc3 18. Rxc3 Qxa2 19. Rc7 Qa1+ 20. Kf2 Rd8 21. Rxb7 Qa5 22. b4 Qa3 23. Qxa7 Qxa7+ 24. Rxa7 Kf8 25. b5 Nc5 26. Ke3 Rb8 27. f4 Ke8 28. e5 Kf8 29. g4 Ke8 30. h4 Kd8 31. exd6 exd6 32. Rxf7 Rb7 33. Rxb7 Nxb7 34. Bd3 Ke7 35. f5 Kf6 36. fxg6 hxg6 37. h5 gxh5 38. gxh5 Kg5 39. Bg6 Nc5 40. b6 Nb7 41. Kd4 Nc5 42. Kc4 Nb7 43. Kb5 Nc5 44. Kc6 1-0

[Event "Queens Festival Final-B 2022"]
[Site "Tornelo"]
[Date "2022.06.25"]
[Round "2.1"]
[White "Masoumi, Sahar"]
[Black "Deak-Sala, Emilia"]
[Result "1-0"]
[ECO "B22"]
[WhiteElo "2004"]
[BlackElo "1883"]
[Annotator "RC"]
[PlyCount "115"]
[EventDate "2022.06.24"]
[EventType "tourn"]
[EventCountry "NET"]
[SourceTitle "playchess.com"]
[Source "ChessBase"]
[SourceQuality "1"]
[TimeControl "180+2"]

1. e4 c5 2. c3 Nf6 3. e5 Nd5 4. d4 cxd4 5. cxd4 d6 6. Nf3 Nc6 7. Bc4 Nb6 8. Bb5 d5 9. Nc3 e6 10. O-O Be7 11. a3 O-O 12. Re1 a6 13. Bd3 Na5 14. Bc2 f5 15. exf6 Bxf6 16. Ne5 g6 17. Qg4 Nac4 18. b3 Nxe5 19. dxe5 Bg7 20. Bg5 Qe8 21. Re3 Nd7 22. Rae1 Nc5 23. Qh4 Bd7 24. Be7 b6 25. Bxf8 Qxf8 26. Rh3 h6 27. Bxg6 Nxb3 28. Rf3 Qd8 29. Qb4 Nc5 30. Qg4 Be8 31. Bb1 Qe7 32. Rh3 h5 33. Qe2 Rd8 34. Qc2 Bh6 35. Rg3+ Kh8 36. Ne2 d4 37. Qc4 Bb5 38. Qb4 Bxe2 39. Rxe2 d3 40. Bxd3 Qd7 41. Bb1 a5 42. Qc3 Na4 43. Qc2 Nb2 44. h3 Nd3 45. Rd2 Rc8 46. Rdxd3 Rxc2 47. Rxd7 Rc1+ 48. Kh2 Rxb1 49. Rf3 Kg8 50. Rf6 Bg7 51. Rxe6 Rb3 52. Rg6 Rxa3 53. Rgxg7+ Kf8 54. e6 Rb3 55. Rgf7+ Ke8 56. Ra7 Rd3 57. Ra8+ Rd8 58. Rxd8+ 1-0

[Event "Queens Festival Final-B 2022"]
[Site "Tornelo"]
[Date "2022.06.25"]
[Round "2.2"]
[White "Shohradowa, Lala"]
[Black "Mariroh, Fariha"]
[Result "1-0"]
[ECO "E72"]
[WhiteElo "1856"]
[BlackElo "1839"]
[Annotator "NA RC"]
[PlyCount "87"]
[EventDate "2022.06.24"]
[EventType "tourn"]
[EventCountry "NET"]
[SourceTitle "playchess.com"]
[Source "ChessBase"]
[SourceQuality "1"]
[TimeControl "180+2"]

1. d4 Nf6 2. c4 g6 3. Nc3 Bg7 4. g3 d6 5. Bg2 O-O 6. e4 e5 7. d5 a5 8. Nge2 Na6 9. O-O Nc5 10. Rb1 Ne8 11. b3 f5 12. f3 Nf6 13. a3 fxe4 14. fxe4 Bg4 15. b4 axb4 16. axb4 Ncd7 17. h3 Bxe2 18. Qxe2 Nh5 19. Kh2 Nb6 20. c5 Na4 21. Nxa4 Rxa4 22. Qb5 Ra2 23. Be3 Nf6 24. cxd6 cxd6 25. Qc4 Qa8 26. Rbc1 b5 27. Qxb5 Nxe4 28. Rxf8+ Bxf8 29. Rc7 Qa3 30. Qd7 Rxg2+ 31. Kxg2 Qa2+ 32. Kf3 Nd2+ 33. Bxd2 Qxd5+ 34. Ke2 Qg2+ 35. Kd1 Qf3+ 36. Kc1 Qa3+ 37. Kc2 Qa2+ 38. Kc3 Qa1+ 39. Kc4 Qd4+ 40. Kb5 Qd5+ 41. Kb6 Qd4+ 42. Kb7 Qd5+ 43. Kb8 Qa8+ 44. Kxa8 1-0

[Event "Queens Festival Final-B 2022"]
[Site "Tornelo"]
[Date "2022.06.25"]
[Round "2.3"]
[White "Scarsi, Anna Laura"]
[Black "Francis, Onkemetse"]
[Result "1-0"]
[ECO "A08"]
[WhiteElo "1867"]
[BlackElo "1777"]
[Annotator "NA RC"]
[PlyCount "71"]
[EventDate "2022.06.24"]
[EventType "tourn"]
[EventCountry "NET"]
[SourceTitle "playchess.com"]
[Source "ChessBase"]
[SourceQuality "1"]
[TimeControl "180+2"]

1. e4 e6 2. d3 d5 3. Nd2 c5 4. Ngf3 Nc6 5. g3 Bd6 6. Bg2 Nf6 7. O-O O-O 8. Re1 Bc7 9. c3 dxe4 10. dxe4 e5 11. Qc2 Qe7 12. Nf1 b6 13. Ne3 g6 14. Nd5 Nxd5 15. exd5 Nd8 16. Nxe5 Bb7 17. Nd3 Qd7 18. c4 Rc8 19. Bf4 Ba8 20. Rad1 Bd6 21. Ne5 Qc7 22. Nd3 Nb7 23. Bh3 Rce8 24. Bh6 Rxe1+ 25. Rxe1 Rd8 26. Qc3 Bf8 27. Bxf8 Rxf8 28. Qe5 Nd6 29. b3 a6 30. Qe7 Qxe7 31. Rxe7 b5 32. cxb5 Nxb5 33. Bg2 Nc3 34. d6 Nxa2 35. d7 Bc6 36. Bxc6 1-0

[Event "Queens Festival Final-B 2022"]
[Site "Tornelo"]
[Date "2022.06.25"]
[Round "2.4"]
[White "Vujcic, Milena"]
[Black "Pang, Ashley"]
[Result "0-1"]
[ECO "C42"]
[WhiteElo "1987"]
[BlackElo "1967"]
[Annotator "NA RC"]
[PlyCount "70"]
[EventDate "2022.06.24"]
[EventType "tourn"]
[EventCountry "NET"]
[SourceTitle "playchess.com"]
[Source "ChessBase"]
[SourceQuality "1"]
[TimeControl "180+2"]

1. e4 e5 2. Nf3 Nf6 3. Nxe5 d6 4. Nf3 Nxe4 5. Nc3 Nxc3 6. dxc3 Be7 7. Be3 Nd7 8. Qd2 O-O 9. O-O-O Nf6 10. h4 c5 11. h5 Qa5 12. Kb1 b5 13. Ng5 h6 14. Nh3 Be6 15. b3 Ne4 16. Qd3 Nxc3+ 17. Kb2 Nxd1+ 18. Qxd1 Bf6+ 19. Kb1 Qc3 20. Kc1 Qa1+ 21. Kd2 Bc3+ 22. Ke2 Bg4+ 23. f3 Qxd1+ 24. Kxd1 Bxh5 25. Nf4 Bg6 26. Nxg6 fxg6 27. Bd3 Rae8 28. Bf2 b4 29. Bxg6 Re6 30. Bd3 Kh8 31. Bc4 Re5 32. Bg3 Rg5 33. Rh3 Re8 34. f4 Rxg3 35. Be2 Rxg2 0-1

[Event "Queens Festival Final-B 2022"]
[Site "Tornelo"]
[Date "2022.06.25"]
[Round "2.5"]
[White "Mammadova, Aysel"]
[Black "Bian, Erin"]
[Result "1-0"]
[ECO "C50"]
[WhiteElo "1893"]
[BlackElo "1811"]
[Annotator "NA RC"]
[PlyCount "133"]
[EventDate "2022.06.24"]
[EventType "tourn"]
[EventCountry "NET"]
[SourceTitle "playchess.com"]
[Source "ChessBase"]
[SourceQuality "1"]
[TimeControl "180+2"]

1. e4 e5 2. Nf3 Nc6 3. Bc4 Bc5 4. O-O Nf6 5. d4 Bxd4 6. Nxd4 Nxd4 7. f4 d6 8. fxe5 dxe5 9. Bf4 exf4 10. e5 Ng4 11. Rxf4 Ne6 12. Qxg4 Nxf4 13. Qxf4 Be6 14. Bd3 Qe7 15. Nc3 Qc5+ 16. Kh1 O-O-O 17. Rf1 Qd4 18. Qg3 g6 19. Nb5 Qb6 20. a4 a6 21. Nc3 Qxb2 22. Ne4 Qd4 23. Ng5 Bc4 24. Bxc4 Qxc4 25. Qf2 Rhf8 26. Re1 Rde8 27. Qa7 h6 28. Nf3 Qxc2 29. Qa8+ Kd7 30. Qxb7 Rb8 31. Qd5+ Kc8 32. e6 fxe6 33. Qxe6+ Kb7 34. Qd5+ Ka7 35. Qd4+ Ka8 36. Qd5+ c6 37. Qa5 Qc4 38. Ne5 Qd4 39. Qxa6+ Qa7 40. Qxc6+ Rb7 41. Nd7 Rd8 42. Nc5 Kb8 43. Nxb7 Qxb7 44. Qxb7+ Kxb7 45. Kg1 Rd2 46. Re6 g5 47. Rxh6 Ra2 48. Rg6 Rxa4 49. Rxg5 Kc7 50. g3 Kd6 51. h4 Ra2 52. Rf5 Ke6 53. Rf2 Ra1+ 54. Kg2 Ra3 55. g4 Ra4 56. Kg3 Ra3+ 57. Rf3 Ra4 58. h5 Ke7 59. g5 Ra5 60. Kg4 Ra1 61. h6 Rg1+ 62. Kf5 Ra1 63. g6 Kf8 64. Kg5+ Kg8 65. h7+ Kh8 66. Rf8+ Kg7 67. h8=Q# 1-0

[Event "Queens Festival Final-B 2022"]
[Site "Tornelo"]
[Date "2022.06.25"]
[Round "3.1"]
[White "Bian, Erin"]
[Black "Masoumi, Sahar"]
[Result "1-0"]
[ECO "B33"]
[WhiteElo "1811"]
[BlackElo "2004"]
[Annotator "RC"]
[PlyCount "91"]
[EventDate "2022.06.24"]
[EventType "tourn"]
[EventCountry "NET"]
[SourceTitle "playchess.com"]
[Source "ChessBase"]
[SourceQuality "1"]
[TimeControl "180+2"]

1. e4 c5 2. Nf3 Nc6 3. d4 cxd4 4. Nxd4 Nf6 5. Nc3 e6 6. Ndb5 d6 7. Bf4 e5 8. Bg5 a6 9. Na3 b5 10. Nd5 Be7 11. Bxf6 Bxf6 12. c3 Rb8 13. Nc2 O-O 14. g3 g6 15. Nce3 Bg7 16. h4 Be6 17. h5 a5 18. Bh3 Qd7 19. Bxe6 Qxe6 20. Qe2 Ne7 21. Rd1 b4 22. Nxe7+ Qxe7 23. Nd5 Qb7 24. c4 a4 25. Qf3 f5 26. hxg6 hxg6 27. exf5 Rxf5 28. Qg4 Qf7 29. Rh2 e4 30. Qh4 Re5 31. Ne3 Bf6 32. Qg4 Rbe8 33. Rxd6 Rg5 34. Qf4 Be7 35. Rh8+ Kxh8 36. Qxf7 Bxd6 37. Qxe8+ Kh7 38. Qd7+ Kh6 39. Qxd6 Rh5 40. Qf8+ Kh7 41. Ng4 Rh1+ 42. Ke2 g5 43. Qf5+ Kh8 44. Ne5 Rb1 45. Qf8+ Kh7 46. Qf7+ 1-0

[Event "Queens Festival Final-B 2022"]
[Site "Tornelo"]
[Date "2022.06.25"]
[Round "3.2"]
[White "Pang, Ashley"]
[Black "Mammadova, Aysel"]
[Result "0-1"]
[ECO "A00"]
[WhiteElo "1967"]
[BlackElo "1893"]
[Annotator "RC"]
[PlyCount "90"]
[EventDate "2022.06.24"]
[EventType "tourn"]
[EventCountry "NET"]
[SourceTitle "playchess.com"]
[Source "ChessBase"]
[SourceQuality "1"]
[TimeControl "180+2"]

1. g3 Nf6 2. Bg2 e6 3. d3 Be7 4. Nd2 d6 5. Ngf3 Nbd7 6. e4 e5 7. O-O O-O 8. c3 c5 9. Ne1 Ne8 10. f4 f5 11. Ndf3 fxe4 12. dxe4 Ndf6 13. fxe5 Nxe4 14. Qd5+ Kh8 15. Qxe4 Bf5 16. Qe2 Bg4 17. h3 Bh5 18. g4 Bg6 19. Be3 Nc7 20. exd6 Bxd6 21. Rd1 Qe7 22. Qd2 Bg3 23. Qc1 Rae8 24. Bf2 Bxf2+ 25. Rxf2 Ne6 26. Ne5 Rxf2 27. Nxg6+ hxg6 28. Kxf2 Qh4+ 29. Kg1 Ng5 30. Qf4 Rxe1+ 31. Rxe1 Qxe1+ 32. Kh2 Qe7 33. Qb8+ Kh7 34. Qxb7 Qe5+ 35. Kh1 Qe1+ 36. Kh2 Qe2 37. Qd5 Ne6 38. Qe4 Qa6 39. a3 Qd6+ 40. Kh1 Ng5 41. Qe3 Qd1+ 42. Kh2 Qd8 43. h4 Nf7 44. h5 gxh5 45. Be4+ Kg8 0-1

[Event "Queens Festival Final-B 2022"]
[Site "Tornelo"]
[Date "2022.06.25"]
[Round "3.3"]
[White "Francis, Onkemetse"]
[Black "Vujcic, Milena"]
[Result "0-1"]
[ECO "C54"]
[WhiteElo "1777"]
[BlackElo "1987"]
[Annotator "RC"]
[PlyCount "124"]
[EventDate "2022.06.24"]
[EventType "tourn"]
[EventCountry "NET"]
[SourceTitle "playchess.com"]
[Source "ChessBase"]
[SourceQuality "1"]
[TimeControl "180+2"]

1. e4 e5 2. Nf3 Nc6 3. Bc4 Bc5 4. c3 Nf6 5. d3 d6 6. h3 O-O 7. Bb3 Bb6 8. O-O h6 9. Nbd2 Ne7 10. Re1 Ng6 11. Nc4 c6 12. Nxb6 axb6 13. Bc2 Be6 14. d4 Bxa2 15. Be3 Be6 16. Rxa8 Qxa8 17. dxe5 dxe5 18. Bxb6 Qa2 19. Qb1 Ra8 20. Nd2 Nd7 21. Be3 Ne7 22. Qc1 Nc8 23. f3 Ncb6 24. Bf2 Na4 25. Bxa4 Rxa4 26. Be3 Ra6 27. Qb1 Nb6 28. Qxa2 Bxa2 29. Ra1 Nd7 30. Kf2 Bc4 31. Rxa6 Bxa6 32. Nb3 Bc4 33. Nc5 Nxc5 34. Bxc5 f6 35. Ke3 Kf7 36. Bb4 g6 37. g3 h5 38. h4 Ke6 39. f4 f5 40. fxe5 Kxe5 41. exf5 Kxf5 42. Be7 b5 43. Bd6 Bf7 44. b4 Ke6 45. Bf4 Kd5 46. Kd3 Be6 47. Kd2 Bf5 48. Bc7 c5 49. bxc5 Kxc5 50. Bf4 Kd5 51. Bc7 Ke4 52. Bf4 Kf3 53. Bb8 Be6 54. Bf4 Bc4 55. Bc7 Kg4 56. Bf4 g5 57. hxg5 h4 58. gxh4 Kxf4 59. g6 Kg4 60. g7 Kxh4 61. Ke3 Kg5 62. Kd4 Kf6 0-1

[Event "Queens Festival Final-B 2022"]
[Site "Tornelo"]
[Date "2022.06.25"]
[Round "3.4"]
[White "Mariroh, Fariha"]
[Black "Scarsi, Anna Laura"]
[Result "1-0"]
[ECO "B40"]
[WhiteElo "1839"]
[BlackElo "1867"]
[Annotator "NA RC"]
[PlyCount "47"]
[EventDate "2022.06.24"]
[EventType "tourn"]
[EventCountry "NET"]
[SourceTitle "playchess.com"]
[Source "ChessBase"]
[SourceQuality "1"]
[TimeControl "180+2"]

1. e4 c5 2. Nf3 e6 3. d4 cxd4 4. Nxd4 Nf6 5. Nc3 Nc6 6. Nxc6 bxc6 7. Bd3 d5 8. O-O Be7 9. Bf4 O-O 10. e5 Nd7 11. Qf3 f5 12. exf6 Bxf6 13. Qh3 g6 14. Qxe6+ Kh8 15. Qxc6 Rb8 16. Bxb8 Nxb8 17. Qxd5 Qc7 18. Qc4 Qb7 19. Rab1 Nd7 20. Nd5 Ne5 21. Qb3 Qc6 22. Nxf6 Qxf6 23. Rbe1 Bh3 24. Qc3 1-0

[Event "Queens Festival Final-B 2022"]
[Site "Tornelo"]
[Date "2022.06.25"]
[Round "3.5"]
[White "Deak-Sala, Emilia"]
[Black "Shohradowa, Lala"]
[Result "0-1"]
[ECO "C14"]
[WhiteElo "1883"]
[BlackElo "1856"]
[Annotator "NA RC"]
[PlyCount "120"]
[EventDate "2022.06.24"]
[EventType "tourn"]
[EventCountry "NET"]
[SourceTitle "playchess.com"]
[Source "ChessBase"]
[SourceQuality "1"]
[TimeControl "180+2"]

1. e4 e6 2. d4 d5 3. Nc3 Nf6 4. Bg5 Be7 5. e5 Nfd7 6. h4 c5 7. Bxe7 Kxe7 8. Qg4 cxd4 9. Qg5+ Ke8 10. Qxg7 Rf8 11. Nd1 Qa5+ 12. c3 Nc6 13. Nf3 dxc3 14. bxc3 d4 15. Be2 dxc3 16. O-O Ndxe5 17. Rc1 Bd7 18. Nxc3 Ke7 19. Qg5+ f6 20. Qh6 Rf7 21. Nxe5 Nxe5 22. Bh5 Ng6 23. Bxg6 hxg6 24. Qxg6 Rh8 25. g3 Rhh7 26. Qe4 Bc6 27. Qe3 Rfg7 28. Rfe1 Qf5 29. Kf1 Bf3 30. Red1 Bxd1 31. Rxd1 Kf7 32. Rd7+ Kg6 33. Rd4 Rd7 34. Rf4 Qd3+ 35. Qxd3+ Rxd3 36. Ne4 e5 37. Rxf6+ Kg7 38. Rf5 Rd1+ 39. Kg2 Rh6 40. Rxe5 Rd7 41. Rg5+ Rg6 42. Rf5 Rd4 43. Nc5 b6 44. Nb3 Ra4 45. Rf3 Rxa2 46. Rc3 Rf6 47. Rc7+ Rf7 48. Rxf7+ Kxf7 49. Nd4 a5 50. g4 Ra4 51. Nb5 Rxg4+ 52. Kf3 Rxh4 53. Ke3 Ke6 54. Nd4+ Kd5 55. Nb3 Rh3+ 56. f3 a4 57. Na1 b5 58. Ke2 b4 59. f4 b3 60. Kd2 b2 0-1

[Event "Queens Festival Final-B 2022"]
[Site "Tornelo"]
[Date "2022.06.25"]
[Round "4.1"]
[White "Masoumi, Sahar"]
[Black "Shohradowa, Lala"]
[Result "0-1"]
[ECO "C11"]
[WhiteElo "2004"]
[BlackElo "1856"]
[Annotator "NA RC"]
[PlyCount "96"]
[EventDate "2022.06.24"]
[EventType "tourn"]
[EventCountry "NET"]
[SourceTitle "playchess.com"]
[Source "ChessBase"]
[SourceQuality "1"]
[TimeControl "180+2"]

1. e4 e6 2. d4 d5 3. Nc3 Nf6 4. e5 Nfd7 5. f4 c5 6. Nf3 Nc6 7. Be3 cxd4 8. Nxd4 Bc5 9. Qd2 O-O 10. O-O-O Bxd4 11. Bxd4 Nxd4 12. Qxd4 f5 13. h4 Qb6 14. Nb5 a6 15. Nd6 Qxd4 16. Rxd4 b5 17. Rh3 Nb6 18. b3 Bd7 19. Rg3 Nc8 20. Nb7 Ra7 21. Nc5 Rc7 22. b4 Nb6 23. h5 Bc8 24. Rg5 Re8 25. g4 fxg4 26. Rxg4 Nd7 27. Nxd7 Bxd7 28. Bd3 Rf8 29. Rg5 Be8 30. f5 h6 31. Rg1 exf5 32. Rxd5 Bxh5 33. Rd6 Kh8 34. Rxa6 f4 35. Rf1 f3 36. Rf2 Re7 37. e6 g5 38. Rd6 Kg7 39. Rd5 Bg6 40. Bxb5 g4 41. Rd4 g3 42. Rfd2 g2 43. Rg4 h5 44. Rg3 h4 45. Rg4 h3 46. Bd3 Rf6 47. b5 h2 48. Rh4 h1=Q+ 0-1

[Event "Queens Festival Final-B 2022"]
[Site "Tornelo"]
[Date "2022.06.25"]
[Round "4.2"]
[White "Scarsi, Anna Laura"]
[Black "Deak-Sala, Emilia"]
[Result "1-0"]
[ECO "B38"]
[WhiteElo "1867"]
[BlackElo "1883"]
[Annotator "NA RC"]
[PlyCount "135"]
[EventDate "2022.06.24"]
[EventType "tourn"]
[EventCountry "NET"]
[SourceTitle "playchess.com"]
[Source "ChessBase"]
[SourceQuality "1"]
[TimeControl "180+2"]

1. e4 c5 2. Nf3 Nc6 3. d4 cxd4 4. Nxd4 Nf6 5. f3 g6 6. c4 Bg7 7. Be3 O-O 8. Nc3 d6 9. Be2 Bd7 10. O-O Nxd4 11. Bxd4 Bc6 12. Nd5 Nd7 13. Bxg7 Kxg7 14. Qd4+ Kg8 15. Rad1 Bxd5 16. exd5 a5 17. Bd3 Qb6 18. Qxb6 Nxb6 19. Rfe1 Rfe8 20. Re4 Nd7 21. Bc2 Nc5 22. Re2 Kf8 23. Kf2 Rec8 24. Rde1 Rc7 25. Ke3 Rac8 26. b3 Na6 27. Kd4 Nb4 28. Bb1 b6 29. a3 Na6 30. Bd3 a4 31. b4 Nb8 32. Rc1 Nd7 33. Rce1 Ne5 34. Rc2 Nxd3 35. Kxd3 b5 36. Rec1 Rb8 37. cxb5 Rxc2 38. Rxc2 Rxb5 39. Rc8+ Kg7 40. Kc4 Rb7 41. b5 Kf6 42. Ra8 Ke5 43. Ra6 Rc7+ 44. Rc6 Rb7 45. b6 f5 46. Kb5 Kxd5 47. Rc7 Rb8 48. b7 e5 49. Kb6 e4 50. fxe4+ fxe4 51. Rc8 Rxb7+ 52. Kxb7 Kd4 53. Kc6 d5 54. Rd8 e3 55. Rxd5+ Kc3 56. Re5 Kd2 57. Kb5 e2 58. Kxa4 g5 59. Kb5 g4 60. a4 h5 61. a5 h4 62. a6 g3 63. hxg3 hxg3 64. a7 e1=Q 65. Rxe1 Kxe1 66. a8=Q Kf2 67. Qf3+ Kg1 68. Qxg3 1-0

[Event "Queens Festival Final-B 2022"]
[Site "Tornelo"]
[Date "2022.06.25"]
[Round "4.3"]
[White "Vujcic, Milena"]
[Black "Mariroh, Fariha"]
[Result "1-0"]
[ECO "B56"]
[WhiteElo "1987"]
[BlackElo "1839"]
[Annotator "NA RC"]
[PlyCount "87"]
[EventDate "2022.06.24"]
[EventType "tourn"]
[EventCountry "NET"]
[SourceTitle "playchess.com"]
[Source "ChessBase"]
[SourceQuality "1"]
[TimeControl "180+2"]

1. e4 c5 2. Nf3 d6 3. d4 cxd4 4. Nxd4 Nf6 5. Nc3 Nc6 6. Be3 e5 7. Nb3 Be7 8. f3 Be6 9. Nd5 O-O 10. Qd2 a5 11. a4 Nb4 12. Nxb4 axb4 13. Qxb4 d5 14. Bc5 Bxc5 15. Nxc5 dxe4 16. Nxe6 fxe6 17. Be2 exf3 18. Bxf3 Nd5 19. Qe4 Qa5+ 20. c3 Nf4 21. b4 Qc7 22. O-O Qxc3 23. Rfc1 Qd4+ 24. Qxd4 exd4 25. Rc7 Rad8 26. Rxb7 d3 27. Rd1 Nh3+ 28. Kf1 Ng5 29. Kf2 e5 30. Re7 e4 31. h4 Nxf3 32. gxf3 Rxf3+ 33. Kg2 Rf4 34. b5 Rxh4 35. Kg3 g5 36. b6 Rf4 37. b7 Rf7 38. Rxf7 Kxf7 39. a5 Ke6 40. Kf2 Kd6 41. a6 Kc6 42. Rb1 Kc7 43. a7 Rf8+ 44. Ke1 1-0

[Event "Queens Festival Final-B 2022"]
[Site "Tornelo"]
[Date "2022.06.25"]
[Round "4.4"]
[White "Mammadova, Aysel"]
[Black "Francis, Onkemetse"]
[Result "1-0"]
[ECO "C01"]
[WhiteElo "1893"]
[BlackElo "1777"]
[Annotator "NA RC"]
[PlyCount "93"]
[EventDate "2022.06.24"]
[EventType "tourn"]
[EventCountry "NET"]
[SourceTitle "playchess.com"]
[Source "ChessBase"]
[SourceQuality "1"]
[TimeControl "180+2"]

1. e4 e6 2. d4 d5 3. exd5 exd5 4. Bd3 Bd6 5. Nf3 Ne7 6. O-O O-O 7. c4 c6 8. c5 Bc7 9. Be3 Ng6 10. Nbd2 Nd7 11. Re1 Nf6 12. Bxg6 hxg6 13. Bg5 Bg4 14. h3 Bf5 15. Ne5 Re8 16. Qf3 Be6 17. Re3 Qe7 18. Rae1 Bd8 19. Qe2 Qc7 20. Nxg6 Nh7 21. Bxd8 Raxd8 22. Ne5 b6 23. b4 Nf6 24. Nef3 Bd7 25. Rxe8+ Rxe8 26. Qd3 Rxe1+ 27. Nxe1 Qf4 28. Qe3 Qf5 29. Nd3 bxc5 30. dxc5 Qg6 31. Nf3 Ne4 32. Nfe5 Qe6 33. Nxd7 Qxd7 34. f3 Nf6 35. Ne5 Qb7 36. a3 Nd7 37. Nxd7 Qxd7 38. Kf2 Qb7 39. Qd3 a5 40. bxa5 Qb2+ 41. Qe2 Qxa3 42. Qe8+ Kh7 43. Qxc6 Qxa5 44. Qxd5 Qb5 45. Qe4+ Kg8 46. c6 Qb2+ 47. Kg3 1-0